 Dungeon Crawl Stone Soup version 0.27.1-33-g824d729ab1 (webtiles) character file.

Game seed: 12268882220486959332

212462 safid the Severer (level 19, -6/172 HPs)
             Began as a Hill Orc Fighter on Dec 16, 2021.
             Was the Champion of Beogh.
             Mangled by a bunyip (15 damage)
             ... called by a spriggan druid
             ... on level 2 of the Lair of Beasts.
             The game lasted 01:48:26 (31489 turns).

safid the Severer (Hill Orc Fighter)               Turns: 31489, Time: 01:48:27

Health: -6/172     AC: 17    Str: 27    XL:     19   Next: 32%
Magic:  38/38      EV: 13    Int:  6    God:    Beogh [******]
Gold:   1198       SH: 20    Dex: 15    Spells: 18/18 levels left

rFire    + + +     SeeInvis +   F - +8 broad axe (flame)
rCold    + . .     Faith    .   g - +5 kite shield {reflect}
rNeg     . . .     Spirit   .   L - +7 ring mail of Failure {rF+ rC+ MP+9}
rPois    +         Reflect  +   (helmet restricted)
rElec    .         Harm     .   O - +0 cloak {rPois}
rCorr    +         Rampage  .   t - +2 pair of gloves
Will     ++++.                  E - +0 pair of boots
Stlth    +.........             (no amulet)
HPRegen  0.38/turn              I - ring "Waonoryb" {Will+ rCorr SInv}
MPRegen  0.26/turn              m - ring of Obattyhuu {rF++ Will+ Int-2 Dex+5}

@: corroded
A: walk on water, horns 1, strong-willed 1, poison resistance
a: Renounce Religion, Smiting, Recall Orcish Followers, Give Item to Named
Follower, Resurrection


You were on level 2 of the Lair of Beasts.
You worshipped Beogh.
Beogh was exalted by your worship.
You visited 5 branches of the dungeon, and saw 26 of its levels.
You also visited: Bailey and Gauntlet.

You collected 3050 gold pieces.
You spent 1852 gold pieces at shops.

Inventory:

Hand Weapons
 u - the +4 hand axe "Pinkunt" {flame, SInv}
   (You found it on level 4 of the Dungeon)

   It burns those it strikes, dealing additional fire damage.
   Big, fiery blades are also staple armaments of hydra-hunters.
   SInv:      It lets you see invisible.
 F - a +8 broad axe of flaming (weapon)
Missiles
 a - 9 javelins
 s - 60 poisoned darts (quivered)
 J - 5 curare-tipped darts
 K - 10 silver javelins
 S - 76 boomerangs
Armour
 g - a +5 kite shield of reflection (worn)
 t - a +2 pair of gloves (worn)
 E - a +0 pair of boots (worn)
 L - the +7 ring mail of Failure (worn) {rF+ rC+ MP+9}
   (You bought it in a shop on level 2 of the Dungeon)

   rF:        It protects you from fire.
   rC:        It protects you from cold.
   MP:        It affects your magic capacity (+9).
 O - a +0 cloak of poison resistance (worn)
Jewellery
 b - a ring of flight
 m - the ring of Obattyhuu (right hand) {rF++ Will+ Int-2 Dex+5}
   (You took it off a minotaur in a Gauntlet)

   [ring of willpower]

   Int:       It affects your intelligence (-2).
   Dex:       It affects your dexterity (+5).
   rF:        It greatly protects you from fire.
   Will:      It increases your willpower.
 I - the ring "Waonoryb" (left hand) {Will+ rCorr SInv}
   (You bought it in a shop on level 1 of the Dungeon)

   [ring of resist corrosion]

   SInv:      It lets you see invisible.
   rCorr:     It protects you from acid and corrosion.
   Will:      It increases your willpower.
 M - a ring of resist corrosion
Wands
 c - a wand of flame (49)
 f - a wand of digging (5)
 p - a wand of polymorph (2)
 q - a wand of acid (14)
 z - a wand of paralysis (18)
 C - a wand of mindburst (32)
 D - a wand of iceblast (17)
Scrolls
 e - 3 scrolls of blinking
 i - 4 scrolls of teleportation
 n - 2 scrolls of magic mapping
 o - 2 scrolls of fear
 r - a scroll of silence
 v - a scroll of identify
 y - a scroll of fog
 N - a scroll of holy word
Potions
 d - 5 potions of might
 j - 11 potions of curing
 A - 5 potions of cancellation
 H - a potion of haste
 Q - a potion of invisibility
Miscellaneous
 k - a condenser vane
 l - a phial of floods
 G - a phantom mirror


   Skills:
 + Level 16.1 Fighting
 - Level 18.0 Axes
 - Level 6.0 Throwing
 + Level 11.3 Armour
 + Level 4.1 Dodging
 - Level 15.0 Shields
 + Level 14.0 Invocations
 + Level 11.3 Evocations


You had 18 spell levels left.
You didn't know any spells.
Your spell library contained the following spells:

 Spells                   Type           Power      Damage    Failure   Level
 Pain                     Necr           0%         1d4       56%         1
 Summon Small Mammal      Summ           0%         N/A       56%         1
 Call Imp                 Summ           0%         N/A       71%         2
 Slow                     Hex            0%         N/A       71%         2
 Call Canine Familiar     Summ           0%         N/A       90%         3
 Confusing Touch          Hex            0%         N/A       90%         3
 Gell's Gravitas          Tloc           0%         N/A       90%         3
 Lesser Beckoning         Tloc           0%         N/A       90%         3
 Portal Projectile        Hex/Tloc       0%         N/A       90%         3
 Summon Guardian Golem    Hex/Summ       0%         N/A       90%         3
 Teleport Other           Tloc           0%         N/A       90%         3
 Tukima's Dance           Hex            0%         N/A       90%         3
 Hailstorm                Conj/Ice       0%         3d3       100%        4
 Ice Form                 Ice/Tmut       0%         N/A       100%        4
 Summon Ice Beast         Ice/Summ       0%         N/A       100%        4
 Summon Lightning Spire   Summ/Air       0%         N/A       100%        4
 Agony                    Necr           0%         N/A       100%        5
 Alistair's Intoxication  Tmut/Pois      0%         N/A       100%        5
 Blade Hands              Tmut           0%         N/A       100%        5
 Bolt of Magma            Conj/Fire/Erth 0%         4d4       100%        5
 Borgnjor's Vile Clutch   Necr/Erth      0%         N/A       100%        5
 Excruciating Wounds      Necr           0%         N/A       100%        5
 Yara's Violent Unravell  Hex/Tmut       0%         3d3       100%        5
 Eringya's Noxious Bog    Tmut/Pois      0%         N/A       100%        6
 Simulacrum               Ice/Necr       0%         N/A       100%        6
 Orb of Destruction       Conj           0%         N/A       100%        7
 Spellforged Servitor     Conj/Summ      0%         N/A       100%        7
 Storm Form               Tmut/Air       0%         N/A       100%        7
 Maxwell's Capacitive Co  Air            0%         ∞         100%        8


Dungeon Overview and Level Annotations

Branches:
Dungeon (15/15)            Temple (0/1) D:7            Lair (6/6) D:9
  Swamp (1/4) Lair:2        Snake (0/4) Lair:4        Slime (0/5) Lair:5
    Orc (2/2) D:9             Elf (2/3) Orc:2        Vaults (0/5) D:14
 Bailey (visited)         Gauntlet (visited)
 Depths: D:15

Altars:
Cheibriados
Dithmenos
Gozag
Makhleb
Okawaru
Trog
Vehumet
Wu Jian
Xom
Yredelemnul
Beogh
Jiyva

Shops:
D:1 *(=   D:2 [*!(   D:3 (   D:7 !   D:9 [   Orc:2 ?!?

Annotations:
D:8 2 transporters, Platt's ghost, journeyman MiBe
D:12 3 runed translucent doors, jlumianski's ghost, journeyman GrMo
Lair:1 exclusion: 3 oklob plants


Innate Abilities, Weirdness & Mutations

You can walk on water.
You have a pair of small horns on your head.
You are strong-willed. (Will+)
Your system is resistant to poisons. (rPois)


Message History

* * * LOW HITPOINT WARNING * * *
You climb upwards.
Welcome back to the Lair of Beasts!
There is a staircase to the Swamp here.
You feel better. You block the alligator's attack.
The alligator tail-slaps you.
* * * LOW HITPOINT WARNING * * *
The alligator bites you!
* * * LOW HITPOINT WARNING * * *
You block the alligator's attack.
You feel much better. You block the alligator's attack. x2
You barely miss the bunyip. Your headbutt misses the bunyip.
You slash the alligator! You burn the alligator! You block the bunyip's attack.
The bunyip claws you.
* * * LOW HITPOINT WARNING * * *
The bunyip claws you.
* * * LOW HITPOINT WARNING * * *
You block the alligator's attack. x2
You slash the bunyip! You burn the bunyip. You headbutt the bunyip!
The bunyip is moderately wounded.
You slash the alligator! You burn the alligator.
You block the alligator's attack. x2
Unknown command.
You hit the bunyip. You burn the bunyip.
The bunyip is heavily wounded.
You completely miss the alligator. You block the alligator's attack.
The alligator misses you.
Unknown command.
You hit the bunyip but do no damage. You headbutt the bunyip.
The bunyip is heavily wounded.
You slash the alligator! You burn the alligator.
Unknown command.
You slice the bunyip!! You burn the bunyip.
You headbutt the bunyip, but do no damage.
The bunyip is almost dead.
You slash the alligator! You burn the alligator. The alligator bites you.
* * * LOW HITPOINT WARNING * * *
You block the alligator's attack. The bunyip claws you!!
* * * LOW HITPOINT WARNING * * *
The bunyip claws you!
You die...

.#.......#..............##.......
#.#......................#.......
##..##..................<.#......
.####.###..o.....................
..##.###..o..♣≈♣≈.♣♣....#P.......
.....###.o..♣♣§§§.♣≈♣..###.......
.....#.#....♣.§§§§≈♣♣..# #.......
.....##....♣♣§§t§§≈≈♣♣.# #.......
.....#...##♣♣§≈§@≈≈≈♣..# #.......
........## ♣≈≈§x≈≈≈♣♣## #.......
.......## ♣♣§≈§≈≈♣≈.♣ #.......
....#.## ♣≈♣≈≈≈♣.♣## ##......
....### #.♣♣≈≈♣.# #.#....P .##..#
#♣.♣♣.♣## ##...... .##..####
##♣### ######.. ###..##.##
#.####.. # #..#...# ######..##...


You could see a bunyip and an alligator (swift).

Vanquished Creatures
  A deep elf sorcerer (Elf:2)
  A deep elf demonologist (Elf:2)
  A minotaur (Gauntlet)
  A deep elf high priest (Elf:1)
  Josephine (D:10)
  7 vault guards (D:14)
  A merfolk avatar (Lair:6)
  Erolcha (D:11)
  2 ogre magi (Orc:2)
  8 hydras
  3 boulder beetles
  A death knight (D:13)
  6 centaur warriors
  17 dancing weapons
  11 two-headed ogres
  4 tengu warriors
  Sonja (Lair:4)
  7 deep elf knights
  A swamp dragon (Swamp:1)
  A spriggan druid (Swamp:1)
  A deep elf archer (Elf:1)
  A wizard (D:14)
  15 deep elf zephyrmancers
  10 deep elf pyromancers
  A lindwurm (Lair:2)
  8 ugly things
  A necromancer (D:14)
  3 manticores
  An orc sorcerer (Orc:1)
  2 cyclopes
  2 moths of wrath (Gauntlet)
  4 elephants
  An eye of devastation (Gauntlet)
  6 black mambas
  Joseph (D:7)
  A torpor snail (Lair:4)
  2 gargoyles
  12 cane toads
  4 unseen horrors
  Psyche (D:12)
  7 komodo dragons
  2 kobold demonologists
  5 rime drakes
  Maggie (D:7)
  2 efreet (D:14)
  5 trolls
  2 tengu conjurers
  A polar bear (Lair:6)
  A tyrant leech (Swamp:1)
  3 hornets
  6 blink frogs (Lair:6)
  A slime creature (D:14)
  2 snapping turtles (Lair:6)
  Sigmund (D:5)
  4 wyverns
  4 wraiths
  2 shadows
  37 yaks
  A basilisk (shapeshifter) (D:14)
  3 redbacks (Gauntlet)
  A vampire (D:10)
  4 hogs (D:9)
  A human (D:9)
  A fire elemental (Elf:2)
  A golden eye (Gauntlet)
  3 basilisks
  5 vampire mosquitoes
  4 nagas (Lair:4)
  An acid dragon (D:12)
  A swamp worm (Swamp:1)
  12 water moccasins
  13 orc warriors
  An ice beast (D:5)
  A sky beast (D:6)
  23 ogres
  2 black bears
  18 wolves
  3 boggarts (D:14)
  15 centaurs
  6 kobold brigands
  A phantom (D:6)
  Blork the orc (D:6)
  10 bullfrogs
  2 earth elementals (Elf:2)
  5 scorpions
  A gnoll sergeant (D:10)
  A water moccasin zombie (D:6)
  14 killer bees (D:9)
  6 howler monkeys
  6 wights
  2 electric eels
  A crimson imp (D:9)
  A centaur zombie (D:7)
  2 jellies (D:6)
  2 orc priests
  2 hounds
  A centaur skeleton (D:4)
  9 orc wizards
  2 killer bee zombies
  5 adders
  19 gnolls
  A howler monkey skeleton (D:4)
  An adder skeleton (D:4)
  3 worms
  4 dart slugs
  21 orcs
  5 bats
  3 endoplasms
  4 giant cockroaches
  14 hobgoblins
  4 jackals (D:3)
  3 quokkas
  5 ball pythons
  2 frilled lizards (D:1)
  4 goblins
  33 kobolds
  A quokka skeleton (D:4)
  4 rats
564 creatures vanquished.

Vanquished Creatures (collateral kills)
  Nikola (Elf:2)
  Donald (Orc:2)
  A vault guard (D:14)
  A hydra (Lair:1)
  2 ogre magi (Orc:2)
  2 boulder beetles
  A spriggan air mage (Swamp:1)
  3 two-headed ogres (Orc:2)
  3 centaur warriors (D:14)
  7 dancing weapons
  5 deep elf knights
  2 goliath frogs (Swamp:1)
  2 deep elf archers
  An orc knight (Orc:2)
  4 deep elf zephyrmancers
  6 deep elf pyromancers
  4 ugly things
  2 manticores
  6 elephants
  A cyclops (D:14)
  A black mamba (Lair:2)
  A centaur zombie (D:11)
  6 cane toads
  A rime drake (Lair:6)
  4 komodo dragons
  3 trolls
  A bloated husk (Swamp:1)
  A queen bee (shapeshifter) (D:13)
  A wind drake (Lair:6)
  5 blink frogs
  A polar bear (Lair:2)
  2 snapping turtles (Lair:6)
  2 spriggans (Swamp:1)
  An air elemental (Elf:2)
  A fire elemental (Elf:2)
  2 wyverns
  13 yaks
  A vampire mosquito (Lair:2)
  A warg (Orc:1)
  A naga (Lair:4)
  8 water moccasins
  2 orc warriors
  6 ogres (Orc:2)
  A boggart (D:14)
  4 wolves (Lair:5)
  A centaur (D:14)
  2 bullfrogs
  An earth elemental (Elf:2)
  2 howler monkeys
  An electric eel (Lair:5)
  An orc wizard (Orc:2)
  An adder (D:5)
  9 orcs
  6 kobolds
  A bush (Lair:5)
150 creatures vanquished.

Vanquished Creatures (others)
  12 orc knights
  5 orc high priests
  2 orc sorcerers
  A wizard (D:3)
  8 orc wizards
  5 orc warriors
  6 orc priests
  23 orcs
  A bush (Lair:6)
  112 fungi
  133 plants
  5 withered plants
313 creatures vanquished.

Grand Total: 1027 creatures vanquished

Notes
Turn   | Place    | Note
-------+----------+-------------------------------------------
     0 | D:1      | safid the Hill Orc Fighter began the quest for the Orb.
     0 | D:1      | Reached XP level 1. HP: 19/19 MP: 1/1
    11 | D:1      | Reached skill level 3 in Axes
    11 | D:1      | Reached XP level 2. HP: 27/27 MP: 2/2
    71 | D:1      | Found Rusie's Assorted Antiques.
    89 | D:1      | Found Bohucoup's Weapon Boutique.
   222 | D:1      | Reached XP level 3. HP: 27/33 MP: 3/3
   302 | D:1      | Found Tediruz's Jewellery Shoppe.
   508 | D:1      | Found a faded altar of an unknown god.
   609 | D:2      | Found Miamet's General Store.
   646 | D:2      | Bought a potion of heal wounds for 50 gold pieces
   706 | D:2      | Found Zuore's Distillery.
   755 | D:2      | Bought a potion of curing for 42 gold pieces
   857 | D:2      | Found Gupreup's Antique Weapon Shop.
   988 | D:2      | Found Riphoum's Antique Armour Shop.
  1028 | D:3      | Reached XP level 4. HP: 40/40 MP: 4/4
  1186 | D:3      | Found Maetwe's Weapon Boutique.
  1226 | D:3      | Found a basalt altar of Yredelemnul.
  1406 | D:3      | Became a worshipper of Beogh the Brigand
  1631 | D:3      | Found a bloodstained altar of Trog.
  1725 | D:3      | Noticed a wizard
  1729 | D:3      | Killed a wizard
  1879 | D:4      | Reached skill level 4 in Axes
  2002 | D:4      | Noticed an ogre
  2051 | D:4      | Reached XP level 5. HP: 45/47 MP: 5/5
  2077 | D:4      | Identified the +4 hand axe "Pinkunt" {flame, SInv}
  2537 | D:4      | Killed an ogre
  2538 | D:4      | Reached skill level 5 in Fighting
  2787 | D:4      | Reached XP level 6. HP: 56/56 MP: 6/6
  3095 | D:5      | Entered Level 5 of the Dungeon
  3229 | D:5      | Noticed Sigmund
  3234 | D:5      | Killed Sigmund
  3235 | D:5      | Reached skill level 5 in Axes
  3235 | D:5      | Reached skill level 5 in Armour
  3235 | D:5      | Reached skill level 5 in Shields
  3281 | D:5      | Noticed an ice beast
  3289 | D:5      | Killed an ice beast
  3290 | D:5      | Reached XP level 7. HP: 62/62 MP: 7/7
  3331 | D:5      | Reached * piety under Beogh
  3332 | D:5      | Reached skill level 6 in Axes
  3569 | D:5      | Identified the +10 dagger of Gallantry {freeze, *Noise rC++
                  | Will+}
  4102 | D:6      | Reached XP level 8. HP: 66/70 MP: 8/8
  4172 | D:6      | Found a shimmering altar of Xom.
  4173 | D:6      | Noticed Blork the orc
  4178 | D:6      | Killed Blork the orc
  4227 | D:6      | Reached skill level 7 in Axes
  4319 | D:6      | Found a shadowy altar of Dithmenos.
  4850 | D:6      | Reached skill level 8 in Axes
  5076 | D:6      | Reached skill level 9 in Axes
  5142 | D:6      | Reached XP level 9. HP: 75/75 MP: 9/9
  5341 | D:7      | Noticed Joseph
  5352 | D:7      | Killed Joseph
  5355 | D:7      | Reached skill level 10 in Axes
  5386 | D:7      | Noticed Maggie
  5405 | D:7      | Killed Maggie
  5612 | D:7      | Found Tipaficw's Distillery.
  5622 | D:7      | Bought 2 potions of curing for 72 gold pieces
  5622 | D:7      | Bought a potion of heal wounds for 60 gold pieces
  5622 | D:7      | Bought a potion of curing for 36 gold pieces
  5622 | D:7      | Bought a potion of curing for 36 gold pieces
  5748 | D:7      | Found a staircase to the Ecumenical Temple.
  6316 | D:8      | Reached skill level 11 in Axes
  6398 | D:8      | Found a transporter.
  6399 | D:8      | Noticed Platt's ghost (journeyman MiBe)
  6409 | D:8      | Found a transporter.
  6439 | D:8      | Reached ** piety under Beogh
  6630 | D:8      | Found an iron altar of Okawaru.
  6653 | D:8      | Reached skill level 10 in Shields
  7188 | D:8      | Reached XP level 10. HP: 83/83 MP: 10/10
  7332 | D:8      | Identified a scroll of acquirement
  7332 | D:8      | Acquired a +2 kite shield of cold resistance
  7348 | D:8      | Gained mutation: You are strong-willed. (Will+) [potion of
                  | mutation]
  7348 | D:8      | Gained mutation: Your system is resistant to poisons.
                  | (rPois) [potion of mutation]
  7348 | D:8      | Gained mutation: You have a pair of small horns on your
                  | head. [potion of mutation]
  7436 | D:9      | Found a staircase to the Lair.
  7448 | D:9      | Noticed a two-headed ogre
  7503 | D:8      | Reached skill level 12 in Axes
  7827 | D:9      | Found Neivo's Armour Shoppe.
  8028 | D:9      | Reached *** piety under Beogh
  8260 | D:9      | Found a staircase to the Orcish Mines.
  8265 | D:9      | Reached skill level 13 in Axes
  8417 | D:9      | Found an ornate altar of the Wu Jian Council.
  8417 | D:9      | Found an opulent altar of Gozag.
  8573 | D:9      | Reached XP level 11. HP: 89/89 MP: 11/11
  8695 | D:9      | Killed a two-headed ogre
  8696 | D:9      | Reached skill level 14 in Axes
  9096 | D:9      | Noticed a two-headed ogre
  9107 | D:9      | Killed a two-headed ogre
  9277 | D:9      | Found a burning altar of Makhleb.
  9278 | D:9      | Found a radiant altar of Vehumet.
  9408 | D:10     | Entered Level 10 of the Dungeon
  9412 | D:10     | Found a snail-covered altar of Cheibriados.
  9654 | D:10     | Reached **** piety under Beogh
 10350 | D:10     | Noticed Josephine
 10357 | D:10     | Killed Josephine
 10358 | D:10     | Reached skill level 15 in Axes
 11218 | Lair:1   | Entered Level 1 of the Lair of Beasts
 11331 | Lair:1   | Noticed a seven-headed hydra
 11341 | Lair:1   | Killed a five-headed hydra
 11474 | Lair:1   | Reached XP level 12. HP: 96/96 MP: 12/12
 11579 | Lair:1   | Reached skill level 16 in Axes
 11585 | Lair:1   | Noticed a six-headed hydra
 11596 | Lair:1   | Killed a one-headed hydra
 13149 | Lair:2   | Found a staircase to the Swamp.
 13153 | Lair:2   | Reached ***** piety under Beogh
 13159 | Lair:2   | Reached skill level 17 in Axes
 13374 | Lair:2   | Reached skill level 15 in Shields
 14570 | Lair:3   | Reached skill level 1 in Invocations
 14703 | Lair:4   | Reached skill level 1 in Evocations
 14993 | Lair:4   | Reached XP level 13. HP: 104/104 MP: 15/15
 15042 | Lair:4   | Found a staircase to the Snake Pit.
 15276 | Lair:4   | Noticed Sonja
 15283 | Lair:4   | Killed Sonja
 16270 | D:1      | Bought the ring "Waonoryb" {Will+ rCorr SInv} for 404 gold
                  | pieces
 16293 | D:2      | Bought a scorched chain mail for 199 gold pieces
 16293 | D:2      | Identified the +0 chain mail of Privacy {-Tele rElec rCorr
                  | Dex+4} (You bought it in a shop on level 2 of the Dungeon)
 16468 | D:11     | Reached skill level 18 in Axes
 16861 | D:11     | Noticed Erolcha
 16868 | D:11     | Killed Erolcha
 17359 | D:12     | Found a runed translucent gate.
 17360 | D:12     | Found a runed translucent gate.
 17361 | D:12     | Found a runed translucent gate.
 17436 | D:12     | Reached skill level 10 in Fighting
 17785 | D:12     | Noticed Psyche
 17793 | D:12     | Killed Psyche
 18204 | D:12     | Noticed jlumianski's ghost (journeyman GrMo)
 18205 | D:12     | Noticed a merfolk impaler
 18206 | D:12     | Found an iron altar of Okawaru.
 18419 | D:2      | Bought a citrine-encrusted ring mail for 189 gold pieces
 18419 | D:2      | Identified the +7 ring mail of Failure {rF+ rC+ MP+9} (You
                  | bought it in a shop on level 2 of the Dungeon)
 18764 | D:13     | Found an iron altar of Okawaru.
 18805 | D:13     | Found a gate leading to a gauntlet.
 18810 | Gauntlet | Entered a Gauntlet
 18810 | Gauntlet | Found a transporter.
 18810 | Gauntlet | Found a transporter.
 18813 | Gauntlet | Found a transporter.
 18816 | Gauntlet | Found a transporter.
 18838 | Gauntlet | Found a transporter.
 18848 | Gauntlet | Found a transporter.
 18850 | Gauntlet | Found a transporter.
 18853 | Gauntlet | Found the +2 robe of Vines {NoPotionHeal Regen+++}
 18858 | Gauntlet | Found a transporter.
 18875 | Gauntlet | Found a runed translucent door.
 18877 | Gauntlet | Found a transporter.
 18879 | Gauntlet | Found a runed translucent door.
 18894 | Gauntlet | Found a transporter.
 18898 | Gauntlet | Found a transporter.
 18910 | Gauntlet | Found a transporter.
 19054 | Gauntlet | Identified the +8 hand crossbow "Xyuso" {penet, Str+3
                  | Dex+2}
 19221 | Gauntlet | Identified the ring of the Princess {Wiz rF+ rC+}
 19273 | Gauntlet | Identified the amulet "Hamuosso" {RegenMP Harm Drain rCorr}
 19305 | Gauntlet | Identified the ring of Obattyhuu {rF++ Will+ Int-2 Dex+5}
 19305 | Gauntlet | Noticed a minotaur
 19320 | Gauntlet | Killed a minotaur
 19321 | Gauntlet | Reached skill level 1 in Throwing
 19321 | Gauntlet | Reached XP level 14. HP: 81/126 MP: 17/17
 19482 | Gauntlet | Identified the +0 robe of Perpetual Drought {rC+++ Dex+3
                  | Stlth-}
 19483 | Gauntlet | Got Misym's Compendium of the Frigorific Volcanoes
 19486 | Gauntlet | Got Toah's Tome of Beguiling
 19591 | D:13     | Identified the +5 dagger "Tattletale" {freeze, rPois rF+
                  | Str+4}
 19977 | D:13     | Reached skill level 5 in Invocations
 20529 | D:14     | Found a gate to the Vaults.
 20559 | D:14     | Reached skill level 5 in Evocations
 20711 | D:14     | Found a flagged portal.
 20900 | Bailey   | Entered a bailey
 20951 | Bailey   | Reached ****** piety under Beogh
 21260 | Bailey   | Reached XP level 15. HP: 134/134 MP: 20/20
 22128 | D:14     | Reached skill level 5 in Throwing
 22318 | D:14     | You fall into a shaft and drop 1 floor!
 22318 | D:15     | Entered Level 15 of the Dungeon
 23094 | D:14     | Gained Bogwald as an ally
 23188 | D:14     | Reached skill level 10 in Invocations
 23188 | D:14     | Reached XP level 16. HP: 145/145 MP: 23/23
 23288 | Orc:1    | Entered Level 1 of the Orcish Mines
 23378 | Orc:1    | Gained Bogmar as an ally
 23498 | Orc:2    | Entered Level 2 of the Orcish Mines
 23566 | Orc:2    | Found a staircase to the Elven Halls.
 23642 | Orc:2    | Found Upiepayc's Distillery.
 23642 | Orc:2    | Found Ecrasuh's Magic Scroll Emporium.
 23645 | Orc:2    | Found Ceugozuc's Jewellery Shoppe.
 23645 | Orc:2    | Found Fixuth's Magic Scroll Shop.
 23658 | Orc:2    | Reached XP level 17. HP: 138/151 MP: 24/24
 23666 | Orc:2    | Gained Horkud as an ally
 23676 | Orc:2    | Your ally Horkud died
 24014 | Orc:2    | Bought a potion of heal wounds for 75 gold pieces
 24014 | Orc:2    | Bought a potion of heal wounds for 75 gold pieces
 24016 | Orc:2    | Bought a scroll of teleportation for 42 gold pieces
 24016 | Orc:2    | Bought a scroll of enchant armour for 105 gold pieces
 24016 | Orc:2    | Bought a scroll of teleportation for 42 gold pieces
 24016 | Orc:2    | Bought a scroll of teleportation for 42 gold pieces
 24016 | Orc:2    | Bought a scroll of magic mapping for 49 gold pieces
 24016 | Orc:2    | Bought a scroll of fear for 49 gold pieces
 24016 | Orc:2    | Bought a scroll of enchant armour for 105 gold pieces
 24017 | Orc:2    | Bought a scroll of enchant armour for 90 gold pieces
 24017 | Orc:2    | Bought a scroll of enchant weapon for 90 gold pieces
 24056 | Orc:2    | Noticed Donald
 24069 | Orc:2    | Killed Donald
 24417 | Orc:2    | Found a roughly hewn altar of Beogh.
 24825 | Lair:5   | Reached skill level 10 in Armour
 24999 | Lair:5   | Gained Agrik as an ally
 25254 | Lair:5   | Found a viscous altar of Jiyva.
 25255 | Lair:5   | Found a staircase to the Slime Pits.
 25546 | Lair:6   | Entered Level 6 of the Lair of Beasts
 25553 | Lair:6   | Gained Koronagh as an ally
 25632 | Lair:6   | Your ally Agrik died
 25716 | Lair:6   | Acquired 623 gold pieces
 25875 | Lair:6   | Your ally Koronagh died
 26365 | Lair:6   | Identified the +7 trident "Luwkoleps" {vorpal, rPois rN++
                  | Will+ Str-4}
 26375 | Lair:6   | Reached skill level 15 in Fighting
 26375 | Lair:6   | Reached skill level 10 in Evocations
 26375 | Lair:6   | Reached XP level 18. HP: 163/163 MP: 27/27
 27132 | Elf:1    | Entered Level 1 of the Elven Halls
 27192 | Elf:1    | Your ally Bogmar died
 27199 | Elf:1    | Reached skill level 1 in Dodging
 27239 | Elf:1    | Your ally Bogwald died
 27596 | Elf:1    | Got the Catalogue of Creation
 28655 | Elf:2    | Paralysed by an air elemental for 1 turns
 30290 | Elf:2    | Reached XP level 19. HP: 172/172 MP: 29/29
 30293 | Elf:2    | Found a runed translucent gate.
 30293 | Elf:2    | Found a runed translucent gate.
 30293 | Elf:2    | Found a runed translucent gate.
 30585 | Elf:2    | Gained Hawl as an ally
 30730 | Elf:2    | Noticed Nikola
 30741 | Elf:2    | Killed Nikola
 30790 | Elf:2    | Your ally Bogwald died
 31436 | Swamp:1  | Entered Level 1 of the Swamp
 31472 | Swamp:1  | Your ally Hawl died
 31475 | Swamp:1  | Gained Boruk as an ally
 31489 | Lair:2   | Mangled by a bunyip

Illustrated notes

Levels and vault maps discovered:
D:1:      dpeg_arrival_simpleton_a, layout_rooms,
          ebering_ecumenical_altar_sacrificial, serial_shops, shop_statue,
          shop_coins, shop, bh_walls_and_bars
D:2:      layout_rooms, serial_shops, shop, nicolae_lakefront_shop, shop,
          nicolae_diamond_shop
D:3:      layout_rooms, yredelemnul_altar_generic, trog_wizard, serial_shops,
          shop, serial_bayou_ford_a, hex_intersection
D:4:      layout_loops_ring, serial_co_window_serial,
          co_window_of_opportunity_a, co_window_cross_1, co_window_paths_b,
          co_window_corner_a, co_window_paths_a, co_window_corner_b,
          co_window_corner_b, co_window_broadway_b, co_window_paths_d,
          co_window_paths_e, glass_columns_a
D:5:      layout_loops_cross, uniq_sigmund
D:6:      layout_basic, nicolae_dithmenos_the_darkroom,
          mainiacjoe_overflow_chevrons, uniq_blork_the_orc
D:7:      layout_basic, minmay_temple_entry_antechambers, serial_shops,
          nicolae_shop_waterfront, uniq_maggie, uniq_joseph
D:8:      layout_layer_cave, old_standard_altar, gammafunk_ghost_mausoleum,
          minmay_misc_feat_chi, st_stairs_10
D:9:      layout_loops_ring, grunt_temple_overflow_lords_of_destruction,
          gammafunk_temple_overflow_pools, due_lair_maze_entry_diamond,
          orc_david_3, minmay_fountain_box, corexii_hall_statues_s,
          grunt_livestock
D:10:     layout_loops_corners, mainiacjoe_overflow_paths, special_room
          [special_room_orc], uniq_josephine
D:11:     layout_irregular_city, uniq_erolcha
D:12:     layout_small_grid, gammafunk_ghost_fury_of_okawaru,
          corexii_corridor_pit, grunt_ministairs_7, drop_trap, uniq_psyche
D:13:     layout_irregular_city, gauntlet_entry_generic,
          okawaru_altar_gauntlet_db
D:14:     hangedman_cross_cluster, layout_basic, erik_vaults_2, serial_aquarium,
          aquarium_bridge_straight [aquarium_subvault_bridge,
          aquarium_subvault_wall, aquarium_subvault_bridge,
          aquarium_subvault_wall], aquarium_window_3, aquarium_window_1,
          aquarium_window_2, aquarium_view_2c, enter_bailey_2,
          minmay_misc_feat_iff
D:15:     hangedman_depths_entry_try_elsewhere_first, layout_basic,
          serial_glass, glass_columns_c, glass_columns_a, lemuel_tele_altar
Lair:1:   layout_concentric_octagons, grunt_megastairs_5,
          minmay_lair_oklob_chamber
Lair:2:   layout_cave_pods, minmay_swamp_entry_swarm
Lair:3:   layout_regular_city
Lair:4:   nzn_winding_woodlands_small [nzn_winding_woodlands_5x15_sawtooth,
          nzn_winding_woodlands_center_pierced_h,
          nzn_winding_woodlands_5x15_pathside_ponds], layout_gridlike,
          minmay_snake_entry_guardpost_medium, uniq_sonja
Lair:5:   layout_misc_corridors, slime_altar_1, nicolae_quartered_pool_super
Lair:6:   gammafunk_lair_ancient_temple, layout_loops_ring
Swamp:1:  layout_basic_swamp, nicolae_swamp_little_tower,
          nicolae_swamp_spooky_pond
Orc:1:    layout_diamond_mine, basic_altar, mines5_lemuel
Orc:2:    st_orc_ogre_mass, layout_diamond_mine, basic_altar, uniq_donald
Elf:1:    layout_gridlike, minmay_elf_demonology
Elf:2:    nicolae_elf_blades_splatter_lattice [nooodl_blade_entry_preview],
          layout_geoelf_diagonals, nicolae_elf_glass_and_crystal_pillar_2,
          hangedman_elf_represent, uniq_nikola

Skill      XL: |  1  2  3  4  5  6  7  8  9 10 11 12 13 14 15 16 17 18 19 |
---------------+----------------------------------------------------------+-----
Axes           | 3 4 5 6 9 11 13 15 17 18 | 18.0
Fighting       | 4 5 6 12 13 15 16 | 16.1
Armour         | 4 5 6 7 9 10 11 | 11.3
Shields        | 4 5 6 8 10 12 13 15 | 15.0
Invocations    | 3 4 7 10 12 13 14 | 14.0
Evocations     | 2 4 6 7 10 11 | 11.3
Throwing       | 1 3 5 6 |  6.0
Dodging        | 3 4 |  4.1

Action                   |  1- 3 |  4- 6 |  7- 9 | 10-12 | 13-15 | 16-18 | 19-21 || total
-------------------------+-------+-------+-------+-------+-------+-------+-------++-------
Melee: War axe           |   110 |    57 |       |       |       |       |       ||   167
       Hand axe          |       |    60 |   153 |    13 |     4 |       |       ||   230
       Broad axe         |       |       |    69 |   409 |   490 |   345 |    96 ||  1409
       Headbutt          |       |       |       |    81 |    98 |    73 |    16 ||   268
Throw: Dart              |       |     4 |     5 |    20 |     6 |       |       ||    35
Invok: Convert to Beogh  |       |     1 |       |       |       |       |       ||     1
       Recall Orcish Fol |       |       |       |     4 |     7 |     8 |     1 ||    20
       Give Item to Name |       |       |       |       |     1 |       |     1 ||     2
       Smiting           |       |       |       |       |       |     3 |       ||     3
       Resurrection      |       |       |       |       |       |     1 |       ||     1
  Use: Potion            |       |     1 |     2 |    13 |    10 |     8 |     3 ||    37
       Scroll            |       |       |     7 |     8 |    14 |    10 |     1 ||    40
 Stab: Distracted        |       |       |     1 |     3 |     2 |     5 |     2 ||    13
       Paralysed         |       |       |       |       |     6 |     1 |       ||     7
Armor: Scale mail        |    70 |    47 |    69 |    80 |     7 |       |       ||   273
       Chain mail        |       |       |       |       |    21 |       |       ||    21
       Ring mail         |       |       |       |       |   102 |    58 |    17 ||   177
Dodge: Dodged            |    48 |    56 |    99 |   133 |   126 |    53 |    21 ||   536
Block: Kite shield       |    63 |    57 |   156 |   286 |   370 |   232 |    73 ||  1237
       Reflection        |       |       |       |       |     8 |     7 |     1 ||    16
